 Dungeon Crawl Stone Soup version 0.19-a0-1932-g59670f6 (webtiles) character file.

278034 varam the Wrestler (level 19, -3/176 HPs)
             Began as a Troll Monk on Oct 25, 2016.
             Was the Champion of Okawaru.
             Hit by a large rock thrown by a stone giant (39 damage)
             ... on level 1 of the Depths.
             The game lasted 03:31:39 (38021 turns).

varam the Wrestler (Troll Monk)                    Turns: 38021, Time: 03:31:40

Health: -3/176     AC: 32    Str: 30    XL:     19   Next: 62%
Magic:  23/24      EV:  8    Int:  4    God:    Okawaru [******]
Gold:   1110       SH: 24    Dex: 16    Spells: 2 memorised, 16 levels left

rFire  + . .     SeeInvis +       - Unarmed
rCold  + . .     Gourm    +     H - +9 gold dragon scales of Vysusim {rPois rF+ rC+ Regen+ Str+6 Int-5}
rNeg   . . .     Faith    .     W - +2 large shield
rPois  +         Spirit   .     A - +0 hat {Int+3}
rElec  .         Reflect  .     (no cloak)
rCorr  .         Harm     +     (gloves unavailable)
MR     +....                    (boots unavailable)
Stlth  ..........               q - amulet of harm
                                t - ring of see invisible
                                j - +5 ring of slaying

@: heroism
A: unfitting armour, claws 3, fangs 1, hooves 1, fast metabolism 3, gourmand,
mutation resistance 1, regeneration 1, shaggy fur 1, tough skin 2, weak 1, wild
magic 1
a: Heroism, Finesse, Renounce Religion
}: 2/15 runes: serpentine, barnacled


You were on level 1 of the Depths.
You worshipped Okawaru.
Okawaru was exalted by your worship.
You were very full.

You visited 7 branches of the dungeon, and saw 35 of its levels.
You also visited: Labyrinth, Sewer and Ice Cave.

You collected 3715 gold pieces.
You spent 2605 gold pieces at shops.

Inventory:

Hand Weapons
 w - a +4 fustibalus of flaming
Missiles
 d - 4 silver tomahawks
 h - 16 javelins of penetration (quivered)
 m - 328 sling bullets
 u - 37 large rocks
 G - 8 throwing nets
Armour
 A - a +0 hat of intelligence (worn)
 H - the +9 gold dragon scales of Vysusim (worn) {rPois rF+ rC+ Regen+ Str+6 Int-5}
   (Okawaru gifted it to you on level 3 of the Shoals)

   It affects your strength (+6).
   It affects your intelligence (-5).
   It protects you from fire.
   It protects you from cold.
   It protects you from poison.
   It increases your rate of regeneration.
 P - a +0 cloak of magic resistance
 W - a +2 large shield (worn)
Rods
 v - a +3 rod of shadows (14/14)
   (You bought it in a shop on level 10 of the Dungeon)
Jewellery
 j - a +5 ring of slaying (left claw)
 p - a +4 ring of protection
 q - an amulet of harm (around neck)
 t - a ring of see invisible (right claw)
 y - an uncursed ring of positive energy
 J - an uncursed ring of protection from cold
 L - an uncursed ring of protection from magic
 Z - an uncursed ring of protection from fire
Wands
 l - a wand of disintegration (9/24)
 F - a wand of hasting (1/9)
 O - a wand of acid (5/15)
 R - a wand of digging (18/24)
Scrolls
 b - 7 scrolls of fog
 c - a scroll of brand weapon
 e - 9 scrolls of teleportation
 g - 11 scrolls of remove curse {@r2}
 k - 4 scrolls of identify {@r1}
 o - a scroll of summoning
 s - 2 scrolls of recharging
 x - 2 scrolls of silence
 D - a scroll of enchant armour
 N - 7 scrolls of magic mapping
 T - 2 scrolls of blinking
 U - 5 scrolls of fear
Potions
 f - a potion of cancellation
 i - 13 potions of might
 r - 13 potions of curing {@q1}
 C - 2 potions of agility
 E - 4 potions of haste
 M - 9 potions of heal wounds
 V - a potion of resistance
 X - 3 potions of berserk rage
Books
 Q - a book of the Warp

   Spells                             Type                      Level
   a - Gell's Gravitas                Hexes/Translocation          3
   b - Portal Projectile              Translocation                3
   c - Force Lance                    Conjuration/Translocation    4
   d - Dispersal                      Translocation                6
   e - Controlled Blink               Translocation                8
   f - Disjunction                    Translocation                8
Miscellaneous
 B - a fan of gales
 I - a lamp of fire
 K - a phantom mirror
 Y - 3 boxes of beasts
Comestibles
 n - 2 bread rations
 z - 3 royal jellies
 S - 20 fruits


   Skills:
 + Level 8.7(13.7) Fighting
 - Level 10.0(15.2) Slings
 - Level 4.6(14.5) Throwing
 - Level 11.0(16.0) Armour
 - Level 2.4(7.4) Dodging
 - Level 1.0(6.0) Stealth
 + Level 10.0(15.0) Shields
 * Level 21.9(26.9) Unarmed Combat
 + Level 1.3 Spellcasting
 + Level 1.6 Charms
 + Level 1.5 Air Magic
 - Level 5.0 Invocations
 - Level 9.0 Evocations


You had 16 spell levels left.
You knew the following spells:

 Your Spells              Type           Power        Failure   Level  Hunger
a - Repel Missiles        Chrm/Air       #.....       100%        2    ###....
b - Song of Slaying       Chrm           #.......     100%        2    ###....


Dungeon Overview and Level Annotations

Branches:
Dungeon (15/15)            Temple (0/1) D:6            Lair (6/6) D:8
 Shoals (4/4) Lair:2        Snake (4/4) Lair:3        Slime (0/5) Lair:5
    Orc (2/2) D:10            Elf (0/3) Orc:2        Vaults (2/5) D:13
 Depths (2/5) D:15
  Crypt: Vaults:2-3

Altars:
Kikubaaqudgha
Makhleb
Nemelex Xobeh
Okawaru
Ru
Vehumet
Xom
The Shining One
Beogh
Lugonu

Shops:
D:6 ![   D:10 }   Orc:2 ?(}?%   Snake:1 *   Depths:1 [

Portals:
Hell: Depths:1
Abyss: Depths:1

Annotations:
Vaults:2 Nikola


Innate Abilities, Weirdness & Mutations

You are too large for most types of armour.
You have claws for hands.
Your metabolism is lightning-fast.
You like to eat raw meat.
Your natural rate of healing is unusually fast.
You are covered in fur. (AC +1)
You have very tough skin. (AC +2)
You have very sharp teeth.
You have large cloven feet.
You are somewhat resistant to further mutation.
You are weak. (Str -2)
Your spells are a little harder to cast, but a little more powerful.


Message History

Your surroundings suddenly seem different.
A stone giant comes into view.
The stone giant shouts!
An ice dragon comes into view.
The ice dragon roars deafeningly!
The ice dragon breathes frost at you. The blast of cold hits you! You resist.
* * * LOW HITPOINT WARNING * * *
The stone giant throws a large rock.
You block the large rock.
You see here a large rock.
You mangle the ice dragon!!
You kick the ice dragon, but do no damage.
The ice dragon is heavily wounded.
You block the ice dragon's attack. x3
You eviscerate the ice dragon!!!
You kick the ice dragon, but do no damage.
You bite the ice dragon, but do no damage.
The ice dragon is almost dead.
The stone giant throws a large rock.
The large rock hits you!!
You die...

.#.#..##...####......#.)...#
..#..##..#####..#.#..##.##+#####
#...'#..[....#.......?#........#
##.##........#..#.#.#.#........#
.###.........#......#))........#
..#../.......#.......#.........#
#.#..........#..C......>##+#####
#..........................#
##........(.....@D.......###
#........≈≈.≈.....P≈###.#
#....####≈≈P≈..≈PP≈P..#.# ######
#≈≈≈≈PP≈≈≈≈≈....#
#≈≈P≈≈≈≈≈≈≈≈##### #≈PPPP≈≈≈P≈≈#
#≈≈≈≈≈P≈≈≈≈≈# ♣≈≈≈≈≈≈≈≈≈≈≈♣
♣≈P≈≈≈≈≈≈≈≈≈♣


You could see an ice dragon and a stone giant.

Vanquished Creatures
  Sojobo (Depths:1)
  Bai Suzhen (Vaults:2)
  A lich (Depths:1)
  The ghost of murphy the Markscentaur, an adept CeHu of Okawaru (Shoals:4)
  5 nagarajas (Snake:4)
  Roxanne (D:14)
  Ilsuiw (Shoals:4)
  2 tengu reavers (Depths:1)
  A frost giant (IceCv)
  A vault warden (Vaults:1)
  An ironheart preserver (Vaults:1)
  Louise (D:15)
  5 stone giants
  2 very ugly things (D:15)
  The ghost of dobroeutro the Warrior, a journeyman GrHu of Okawaru (Lair:6)
  Azrael (Snake:1)
  A vampire knight (D:15)
  A minotaur (Lab)
  7 merfolk javelineers (Shoals:4)
  A fire dragon (Vaults:1)
  15 merfolk impalers
  Fannar (Lair:1)
  2 yaktaur captains
  2 rakshasas
  A vault guard (D:13)
  A great orb of eyes (Depths:1)
  An ice dragon (Vaults:2)
  16 naga warriors
  6 centaur warriors
  Harold (D:15)
  7 hydras
  A merfolk avatar (Shoals:4)
  2 alligator snapping turtles
  8 merfolk aquamancers
  Erica (D:15)
  13 anacondas
  A catoblepas (Lair:6)
  4 ogre magi
  A satyr (Shoals:3)
  2 deep troll shamans (Depths:1)
  2 tengu warriors (Depths:1)
  An orc high priest (Orc:2)
  6 death yaks (Lair:6)
  2 deep troll earth magi
  5 naga sharpshooters
  7 shock serpents
  A hell knight (D:15)
  2 deep elf knights
  Nergalle (Orc:2)
  An iron troll (Depths:1)
  2 salamander mystics
  32 sea snakes
  A fire crab (shapeshifter) (D:15)
  9 deep trolls
  An unseen horror (Vaults:1)
  5 deep elf archers
  11 naga ritualists
  3 wizards (D:13)
  8 hill giants
  An orc knight (Vaults:2)
  8 harpies
  A necromancer (D:13)
  15 mana vipers
  A lindwurm (Lair:6)
  28 ugly things
  4 cyclopes
  8 orc sorcerers
  5 deep elf magi
  An ironbrand convoker (Vaults:1)
  An oklob plant (Shoals:3)
  10 fauns
  11 manticores
  5 salamanders
  43 black mambas
  5 water nymphs
  14 sirens
  14 naga magi
  8 guardian serpents
  7 elephants (Lair:5)
  An ice statue (IceCv)
  12 spiny frogs
  2 vault sentinels (Vaults:1)
  4 rime drakes
  16 yaktaurs
  3 freezing wraiths
  An efreet (D:13)
  The ghost of varam the Ruffian, an amateur TrMo (D:4)
  A tengu conjurer (Depths:1)
  A queen bee (Lair:3)
  8 komodo dragons
  17 polar bears
  2 hornets
  27 merfolk
  7 trolls
  5 wind drakes
  6 two-headed ogres
  A dream sheep (Lair:4)
  22 blink frogs
  A slime creature (shapeshifter) (Depths:1)
  15 hippogriffs
  18 slime creatures
  10 snapping turtles
  A centaur simulacrum (D:14)
  8 redbacks (Snake:4)
  3 spriggans
  A spriggan (shapeshifter) (D:14)
  4 wyverns
  69 yaks
  6 water elementals
  3 fire elementals (Snake:1)
  A wraith (D:10)
  3 basilisks
  6 hungry ghosts
  19 humans (D:13)
  2 mottled dragons
  15 vampire mosquitoes
  42 nagas
  A soldier ant (D:14)
  2 wargs (Orc:2)
  2 insubstantial wisps (Lair:6)
  12 water moccasins
  A hell hound (Snake:1)
  11 porcupines
  16 orc warriors
  Purgy (Sewer)
  3 ice beasts
  5 sky beasts
  4 phantoms
  5 black bears
  11 centaurs
  2 eyes of draining
  18 ogres
  An eye of draining (shapeshifter) (D:14)
  9 boggarts
  21 wolves
  13 crocodiles
  3 big kobolds
  22 bullfrogs
  A wyvern zombie (D:13)
  A wyvern skeleton (D:7)
  A hornet simulacrum (D:14)
  A troll zombie (D:10)
  33 killer bees
  5 scorpions
  A wight (D:14)
  4 electric eels
  10 crimson imps
  5 howler monkeys
  2 bullfrog zombies
  A centaur zombie (D:5)
  2 quasits
  7 hounds
  12 jellies
  13 orc priests
  2 centaur skeletons
  36 orc wizards
  Jessica (D:3)
  3 bullfrog skeletons
  9 iguanas
  8 worker ants
  A killer bee zombie (D:8)
  7 ogre zombies (D:10)
  A hound skeleton (D:4)
  A hound zombie (D:8)
  3 worker ant zombies
  A howler monkey skeleton (D:10)
  8 gnolls
  2 river rats
  10 adders
  4 shadow imps
  12 white imps (Lair:4)
  10 oozes (D:13)
  2 adder zombies
  A worm (D:6)
  3 dart slugs (D:1)
  9 leopard geckos
  77 orcs
  2 ball pythons (D:6)
  12 bats
  5 giant cockroaches
  7 goblins
  3 hobgoblins
  13 jackals
  17 kobolds
  6 quokkas
  5 frilled lizards
  3 goblin zombies (D:10)
  A hobgoblin skeleton (D:10)
  4 hobgoblin zombies (D:10)
  A jackal skeleton (D:4)
  A jackal zombie (D:8)
  A leopard gecko zombie (D:9)
  3 orc skeletons (D:10)
  14 orc zombies (D:10)
  6 rats
  2 fungi (Lair:6)
  6 plants
1361 creatures vanquished.

Vanquished Creatures (collateral kills)
  A merfolk impaler (Shoals:2)
  A merfolk javelineer (Shoals:4)
  A naga mage (Snake:4)
  2 merfolk
5 creatures vanquished.

Vanquished Creatures (others)
  A deep elf knight (Vaults:1)
  A kobold demonologist (D:14)
  A naga (Snake:4)
  An orc wizard (Orc:2)
  An orc (Orc:2)
  6 fungi
  13 plants
24 creatures vanquished.

Grand Total: 1390 creatures vanquished

Notes
Turn   | Place    | Note
-------+----------+-------------------------------------------
     0 | D:1      | varam the Troll Monk began the quest for the Orb.
     0 | D:1      | Reached XP level 1. HP: 22/22 MP: 0/0
   165 | D:1      | Reached XP level 2. HP: 25/29 MP: 1/1
   396 | D:1      | Reached skill level 4 in Unarmed Combat
   511 | D:1      | Reached XP level 3. HP: 36/36 MP: 2/2
   773 | D:2      | Found an iron altar of Okawaru.
   782 | D:2      | Became a worshipper of Warmaster Okawaru
   782 | D:2      | Reached * piety under Okawaru
   782 | D:2      | Reached ** piety under Okawaru
   909 | D:3      | Found a faded altar of an unknown god.
  1141 | D:3      | Reached skill level 1 in Shields
  1154 | D:3      | Reached XP level 4. HP: 44/44 MP: 3/3
  1291 | D:3      | Reached skill level 5 in Unarmed Combat
  1293 | D:3      | Reached XP level 5. HP: 29/50 MP: 0/4
  1400 | D:3      | Noticed Jessica
  1404 | D:3      | Killed Jessica
  1722 | D:4      | Noticed varam's ghost (amateur TrMo)
  1738 | D:4      | Killed varam's ghost
  1738 | D:4      | Reached skill level 6 in Unarmed Combat
  1738 | D:4      | Reached XP level 6. HP: 19/59 MP: 2/5
  1953 | D:4      | Reached *** piety under Okawaru
  2015 | D:4      | Reached XP level 7. HP: 66/66 MP: 6/6
  2406 | D:4      | Reached skill level 7 in Unarmed Combat
  2471 | D:5      | Entered Level 5 of the Dungeon
  3018 | D:5      | Reached skill level 5 in Shields
  3018 | D:5      | Reached XP level 8. HP: 74/74 MP: 7/7
  3052 | D:5      | Reached **** piety under Okawaru
  3290 | D:5      | Got a twitching copper ring
  3523 | D:6      | Found Ikug's Antique Armour Shoppe.
  3531 | D:6      | Bought a fabulously ornate robe for 182 gold pieces
  3541 | D:6      | Identified the +1 robe of Dithmenos's Regard {+Blink rF+ rCorr} (You bought it in a shop on level 6 of the Dungeon)
  3696 | D:6      | Found a staircase to the Ecumenical Temple.
  3786 | D:6      | Reached skill level 8 in Unarmed Combat
  3863 | D:6      | Found Yzih's Distillery.
  3883 | D:6      | Bought 2 potions of mutation for 70 gold pieces
  3883 | D:6      | Bought a potion of heal wounds for 70 gold pieces
  3883 | D:6      | Gained mutation: Your spells are a little harder to cast, but a little more powerful. [potion of mutation]
  3883 | D:6      | Gained mutation: You have large cloven feet. [potion of mutation]
  3883 | D:6      | Gained mutation: You have very sharp teeth. [potion of mutation]
  3885 | D:6      | Identified the ring of Bewocs {Str+3 Int+3} (You found it on level 5 of the Dungeon)
  3948 | D:6      | Reached skill level 1 in Throwing
  4007 | D:6      | Reached skill level 1 in Invocations
  4052 | D:6      | Found a glowing drain.
  4062 | Sewer    | Entered a sewer
  4115 | Sewer    | Noticed Purgy
  4126 | Sewer    | Killed Purgy
  4315 | D:6      | Gained mutation: You are weak. (Str -2) [potion of mutation]
  4315 | D:6      | Gained mutation: You are somewhat resistant to further mutation. [potion of mutation]
  4521 | D:7      | Noticed a hippogriff
  4538 | D:7      | Killed a hippogriff
  4538 | D:7      | Reached XP level 9. HP: 49/84 MP: 9/9
  4765 | D:7      | Reached ***** piety under Okawaru
  5170 | D:7      | Received a gift from Okawaru
  5605 | D:8      | Reached skill level 9 in Unarmed Combat
  5939 | D:8      | Reached XP level 10. HP: 77/92 MP: 12/12
  5959 | D:8      | Found a staircase to the Lair.
  6202 | D:8      | Reached skill level 10 in Unarmed Combat
  6211 | D:8      | Received a gift from Okawaru
  6577 | D:10     | Entered Level 10 of the Dungeon
  6647 | D:10     | Reached skill level 5 in Invocations
  7058 | D:9      | Received a gift from Okawaru
  7341 | D:9      | Reached skill level 11 in Unarmed Combat
  7699 | D:9      | Received a gift from Okawaru
  8111 | D:10     | Found a staircase to the Orcish Mines.
  8214 | D:10     | Reached XP level 11. HP: 100/100 MP: 13/13
  8464 | D:10     | Reached skill level 12 in Unarmed Combat
  8700 | D:10     | Found Bishi's Gadget Shop.
  9218 | D:11     | Noticed a hill giant
  9227 | D:11     | Killed a hill giant
  9331 | Lair:1   | Entered Level 1 of the Lair of Beasts
  9473 | Lair:1   | Reached skill level 13 in Unarmed Combat
  9944 | Lair:1   | Noticed a seven-headed hydra
  9948 | Lair:1   | Killed a seven-headed hydra
  9948 | Lair:1   | Received a gift from Okawaru
  9948 | Lair:1   | Reached skill level 1 in Armour
  9967 | Lair:1   | Noticed Fannar
  9977 | Lair:1   | Killed Fannar
 10158 | Lair:1   | Reached skill level 1 in Slings
 10380 | Lair:2   | Reached XP level 12. HP: 107/107 MP: 14/14
 10758 | Lair:2   | Found a staircase to the Shoals.
 10873 | Lair:2   | Learned a level 2 spell: Repel Missiles
 11261 | Lair:3   | Reached skill level 14 in Unarmed Combat
 11491 | Lair:4   | Reached ****** piety under Okawaru
 11561 | Lair:4   | Received a gift from Okawaru
 11624 | Lair:4   | Noticed a six-headed hydra
 11639 | Lair:4   | Killed a six-headed hydra
 11688 | Lair:4   | Got a smoking fustibalus
 11693 | Lair:4   | Found a frozen archway.
 11755 | Lair:4   | Found a labyrinth entrance.
 11761 | Lab      | Entered a labyrinth
 11762 | Lab      | Identified the cursed +1 fustibalus of Disaster {freeze, Int+4} (You found it on level 4 of the Lair of Beasts)
 11965 | Lab      | Noticed a minotaur
 11970 | Lab      | Killed a minotaur
 12003 | IceCv    | Entered an ice cave
 12150 | IceCv    | Reached XP level 13. HP: 112/114 MP: 15/15
 12188 | IceCv    | Reached skill level 5 in Slings
 12260 | IceCv    | Received a gift from Okawaru
 12407 | IceCv    | Reached skill level 5 in Armour
 12424 | IceCv    | Noticed a frost giant
 12447 | IceCv    | Killed a frost giant
 12454 | IceCv    | Reached skill level 15 in Unarmed Combat
 12520 | IceCv    | Got a slimy hat
 12531 | IceCv    | Identified the cursed +0 hat of a ziggurat {-Tele rF+++ rCorr Int-2} (You found it in an ice cave)
 13422 | Lair:4   | Got a heavily jewelled robe
 13438 | Lair:4   | Identified the +1 robe of Gravity {Int+4} (You found it on level 4 of the Lair of Beasts)
 14366 | Lair:3   | Found a staircase to the Snake Pit.
 14472 | Lair:3   | Received a gift from Okawaru
 14808 | Lair:3   | Received a gift from Okawaru
 15310 | Lair:5   | Found a staircase to the Slime Pits.
 15802 | Lair:6   | Entered Level 6 of the Lair of Beasts
 15812 | Lair:6   | Received a gift from Okawaru
 15846 | Lair:6   | Reached XP level 14. HP: 123/123 MP: 16/16
 16584 | Lair:6   | Reached skill level 1 in Evocations
 16627 | Lair:6   | Noticed dobroeutro's ghost (journeyman GrHu)
 16654 | Lair:6   | Killed dobroeutro's ghost
 16818 | Lair:6   | Received a gift from Okawaru
 17123 | Lair:6   | Received a gift from Okawaru
 17691 | Orc:1    | Entered Level 1 of the Orcish Mines
 17696 | Orc:1    | Received a gift from Okawaru
 18113 | Orc:2    | Entered Level 2 of the Orcish Mines
 18203 | Orc:2    | Found a staircase to the Elven Halls.
 18485 | Orc:2    | Found a burning altar of Makhleb.
 18486 | Orc:2    | Found Goghihoc's Food Shoppe.
 18813 | Orc:2    | Reached skill level 5 in Fighting
 19080 | Orc:2    | Found Hoiraic's Magic Scroll Boutique.
 19096 | Orc:2    | Bought a scroll of identify for 28 gold pieces
 19096 | Orc:2    | Bought a scroll of identify for 28 gold pieces
 19096 | Orc:2    | Bought a scroll of identify for 28 gold pieces
 19110 | Orc:2    | Found a radiant altar of Vehumet.
 19132 | Orc:2    | Found Diajiem's Gadget Shop.
 19144 | Orc:2    | Found a roughly hewn altar of Beogh.
 19152 | Orc:2    | Noticed Nergalle
 19165 | Orc:2    | Paralysed by an ogre mage for 7 turns
 19175 | Orc:2    | Received a gift from Okawaru
 19181 | Orc:2    | Killed Nergalle
 19186 | Orc:2    | Got a jewelled hunting sling {god gift}
 19194 | Orc:2    | Identified the +1 hunting sling of Okawaru's Fury {freeze, rN+ Dex+2} (Okawaru gifted it to you on level 2 of the Orcish Mines)
 19265 | Orc:2    | Found an ancient bone altar of Kikubaaqudgha.
 19272 | Orc:2    | Found Estrast's Antique Weapon Boutique.
 19288 | Orc:2    | Found Daeppud's Magic Scroll Boutique.
 19457 | Orc:2    | Bought a scroll of enchant weapon for 90 gold pieces
 19457 | Orc:2    | Bought a scroll of enchant weapon for 90 gold pieces
 19457 | Orc:2    | Bought a scroll of enchant armour for 90 gold pieces
 19513 | Orc:2    | Bought a scroll of enchant armour for 105 gold pieces
 19900 | D:11     | Found a sparkling altar of Nemelex Xobeh.
 20492 | D:10     | Bought a +3 rod of shadows (14/14) for 1070 gold pieces
 20688 | D:12     | Reached XP level 15. HP: 133/133 MP: 17/17
 21640 | D:13     | Received a gift from Okawaru
 21699 | D:13     | Reached skill level 10 in Armour
 21713 | D:13     | Paralysed by a wizard for 7 turns
 21887 | D:13     | Found a gate to the Vaults.
 22434 | D:14     | Found a shimmering altar of Xom.
 22480 | D:14     | Reached skill level 16 in Unarmed Combat
 22775 | D:14     | Received a gift from Okawaru
 22878 | D:14     | Noticed Roxanne
 22890 | D:14     | Killed Roxanne
 23504 | D:15     | Entered Level 15 of the Dungeon
 23523 | D:15     | Noticed Louise
 23528 | D:15     | Noticed Harold
 23532 | D:15     | Noticed Erica
 23541 | D:15     | Killed Louise
 23546 | D:15     | Killed Erica
 23551 | D:15     | Killed Harold
 24097 | D:15     | Found a staircase to the Depths.
 24114 | D:15     | Received a gift from Okawaru
 24163 | D:15     | Learned a level 2 spell: Song of Slaying
 24708 | Shoals:1 | Entered Level 1 of the Shoals
 24715 | Shoals:1 | Reached skill level 5 in Evocations
 24733 | Shoals:1 | Got a wizard robe
 24744 | Shoals:1 | Identified the +0 robe "Vaovusas" {rN+ MR- Int+7 Dex-3} (You found it on level 1 of the Shoals)
 25015 | Shoals:1 | Reached XP level 16. HP: 149/149 MP: 18/18
 25044 | Shoals:1 | Reached skill level 17 in Unarmed Combat
 25809 | Shoals:3 | Found a burning altar of Makhleb.
 26399 | Shoals:2 | Received a gift from Okawaru
 26670 | Shoals:4 | Entered Level 4 of the Shoals
 26859 | Shoals:3 | Received a gift from Okawaru
 27272 | Shoals:3 | Received a gift from Okawaru
 27275 | Shoals:3 | Got encrusted gold dragon scales {god gift}
 27286 | Shoals:3 | Identified the +9 gold dragon scales of Vysusim {rPois rF+ rC+ Regen+ Str+6 Int-5} (Okawaru gifted it to you on level 3 of the Shoals)
 27286 | Shoals:3 | Lost intelligence.
 28170 | Snake:1  | Entered Level 1 of the Snake Pit
 28191 | Snake:1  | Reached skill level 18 in Unarmed Combat
 28197 | Snake:1  | Found Zicok's Assorted Antiques.
 28211 | Snake:1  | Bought a crooked fluorescent wand for 136 gold pieces
 28232 | Snake:1  | Noticed Azrael
 28259 | Snake:1  | Killed Azrael
 29254 | Snake:2  | Found a sacrificial altar of Ru.
 29498 | Snake:2  | Reached XP level 17. HP: 158/158 MP: 20/20
 29503 | Snake:2  | Received a gift from Okawaru
 30197 | Snake:4  | Entered Level 4 of the Snake Pit
 30209 | Snake:4  | Reached skill level 19 in Unarmed Combat
 30358 | Snake:3  | Found a glowing golden altar of the Shining One.
 31300 | Snake:4  | Received a gift from Okawaru
 31472 | Snake:4  | Reached skill level 20 in Unarmed Combat
 31476 | Snake:4  | Received a gift from Okawaru
 31858 | Snake:4  | Received a gift from Okawaru
 32061 | Snake:4  | Reached XP level 18. HP: 142/167 MP: 19/21
 32270 | Snake:4  | Got a serpentine rune of Zot
 32506 | Snake:1  | Bought a scroll labeled YTTEOMPESHRI for 34 gold pieces
 32767 | Shoals:4 | Noticed Ilsuiw
 32974 | Shoals:4 | Noticed murphy's ghost (adept CeHu)
 32986 | Shoals:4 | Killed murphy's ghost
 33123 | Shoals:4 | Received a gift from Okawaru
 33263 | Shoals:4 | Received a gift from Okawaru
 33440 | Shoals:4 | Killed Ilsuiw
 33654 | Shoals:4 | Identified the Volume of Vitriolic Stones
 33880 | Shoals:4 | Got a barnacled rune of Zot
 33995 | Shoals:4 | Received a gift from Okawaru
 34000 | Shoals:4 | Got an aquamarine-encrusted animal skin {god gift}
 34012 | Shoals:4 | Identified the +2 animal skin of Ennui {rElec Int+3} (Okawaru gifted it to you on level 4 of the Shoals)
 34133 | Shoals:4 | Reached skill level 10 in Slings
 34342 | Lair:1   | Identified a scroll of acquirement
 34344 | Lair:1   | Got twisted fire dragon scales
 34359 | Lair:1   | Identified the +1 fire dragon scales "Fiplog" {rF++ rC- Str+3} (You acquired it on level 1 of the Lair of Beasts)
 34532 | D:6      | Bought 2 potions of heal wounds for 140 gold pieces
 34532 | D:6      | Bought a potion of heal wounds for 70 gold pieces
 34532 | D:6      | Bought a potion of heal wounds for 70 gold pieces
 34773 | Vaults:1 | Entered Level 1 of the Vaults
 35182 | Vaults:1 | Reached skill level 21 in Unarmed Combat
 35313 | Vaults:1 | Reached XP level 19. HP: 166/176 MP: 24/24
 36332 | Vaults:2 | Noticed Bai Suzhen
 36343 | Vaults:2 | Killed Bai Suzhen
 36343 | Vaults:2 | Received a gift from Okawaru
 36678 | Vaults:2 | Noticed Nikola
 36679 | Vaults:2 | HP: 4/176 [vault warden/war axe of flaming (6)]
 37200 | Depths:1 | Entered Level 1 of the Depths
 37354 | Depths:1 | Found a glowing golden altar of the Shining One.
 37413 | Depths:1 | Found a corrupted altar of Lugonu.
 37413 | Depths:1 | Found a one-way gate to the infinite horrors of the Abyss.
 37631 | Depths:1 | Reached skill level 1 in Charms
 37634 | Depths:1 | Reached skill level 1 in Air Magic
 37645 | Depths:1 | Reached skill level 1 in Spellcasting
 37730 | Depths:2 | Noticed Sojobo
 37742 | Depths:1 | Reached skill level 10 in Shields
 37744 | Depths:1 | Received a gift from Okawaru
 37759 | Depths:1 | Killed Sojobo
 37918 | Depths:1 | Found a gateway to Hell.
 37947 | Depths:1 | Found Detrum's Antique Armour Boutique.
 37951 | Depths:1 | Bought a runed cloak for 304 gold pieces
 38021 | Depths:1 | Hit by a large rock thrown by a stone giant

Vault maps used:
D:1:      lemuel_arrival_river_passageway
D:2:      okawaru_ov_weapons_minmay
D:3:      ecumenical_altar_1, nrook_mini_vaults, kennysheep_jessica_study
D:4:      black_bear_nest_2, grunt_ministairs_9
D:5:      first_bread
D:6:      serial_shops, shop, shop_fountains, portal_sewer_entry_c
D:8:      minmay_four_partial_circles, lair_0_dummy, grunt_ogre_cave
D:9:      statuecave_lemuel
D:10:     zombieorc2_lemuel, serial_shops, nicolae_shop_behind_doors,
          wad_dig_loot
D:11:     nemelex_xobeh_ov_fountains_minmay
D:13:     lemuel_slime, grunt_vaults_entry_tiered
D:14:     hangedman_cross_cluster, dk_noncrumbling_4, uniq_roxanne
D:15:     grunt_enter_depths_snipers, hangedman_glass_teeth, sword_in_stone
Lair:1:   uniq_fannar
Lair:2:   elwin_shoals_entry_stream, infiniplex_staircase_pool
Lair:3:   minmay_snake_entry_spellcaster, special_room, forest_entry_grove,
          grunt_megastairs_5
Lair:4:   lab_entry_generic, portal_ice_cave_entry_imps,
          grunt_forest_large_clearing_hut
Lair:5:   slime_dummy
Lair:6:   hangedman_lair_in_review, pond
Shoals:1: nicolae_shoals_island_circles
Shoals:2: nicolae_shoals_aquamancer_cove
Shoals:3: lemuel_oklob_altar, uniq_louise
Shoals:4: shoals_end_simple, shoal_ilsuiw
Snake:1:  serial_shops, shop, uniq_azrael
Snake:2:  basic_altar, special_room, guppyfry_snake_island
Snake:3:  basic_altar
Snake:4:  grunt_snake_rune_pools, spider_trap, statue_in_the_mist_lemuel
Orc:2:    kennysheep_orc_mage_school, serial_shops, shop, basic_altar
Vaults:1: nicolae_vaults_theta, hangedman_vaults_impose,
          vaults_standard_mumra_enter_the_diamond, ontoclasm_vaults_tryst,
          nicolae_vaults_what_the_h, v_alt_pattern_4
Vaults:2: v_misc_27, nicolae_vaults_windows_and_doors_thing,
          nicolae_vaults_rhombus_5, nicolae_vaults_little_squares_4, v_misc_32,
          nicolae_vaults_meeting, vaults_dpeg_doors, vaults_mumra_chevron,
          nicolae_vaults_network_barrier, v_misc_22,
          minmay_crypt_entry_simple_box, uniq_saint_roka, uniq_nikola,
          uniq_bai_suzhen
Depths:1: serial_glass, glass_columns_a, glass_columns_b,
          abyss_entry_flame_altar, tso_metal_star, serial_shops, shop,
          hell_entry, grunt_ministairs_11, minivault_16,
          kennysheep_generic_room_6, serial_bayou_shore_a
Depths:2: hangedman_box_tower, mu_enter_wizlab_3, pf_coc_iceberg, uniq_sojobo
Lab:      labyrinth_lava_lair
Sewer:    sewer_big_baddie
IceCv:    ice_cave_small_giant

Skill      XL: |  1  2  3  4  5  6  7  8  9 10 11 12 13 14 15 16 17 18 19 |
---------------+----------------------------------------------------------+-----
Unarmed Combat | 4 5 6 7 8 9 11 13 14 15 16 18 20 21 | 21.9
Shields        | 1 3 5 6 7 8 9 10 | 10.0
Throwing       | 2 3 4 |  4.6
Invocations    | 2 4 5 |  5.0
Fighting       | 3 4 5 7 8 |  8.7
Armour         | 2 4 7 9 10 11 | 11.0
Slings         | 1 4 7 8 10 | 10.0
Evocations     | 2 5 6 9 |  9.0
Charms         | 1 |  1.6
Air Magic      | 1 |  1.5
Spellcasting   | 1 |  1.3
Dodging        | |  2.4
Stealth        | |  1.0

Action                   |  1- 3 |  4- 6 |  7- 9 | 10-12 | 13-15 | 16-18 | 19-21 || total
-------------------------+-------+-------+-------+-------+-------+-------+-------++-------
Melee: Unarmed           |    95 |    55 |   288 |   675 |  1020 |  1084 |   241 ||  3458
       Punch             |     2 |       |     3 |       |       |       |       ||     5
       Kick              |       |       |    50 |   206 |   353 |   431 |   108 ||  1148
       Bite              |       |       |    20 |    95 |   131 |   170 |    42 ||   458
 Fire: Hunting sling     |       |     9 |       |       |   157 |   122 |       ||   288
       Fustibalus        |       |       |     4 |       |    38 |     7 |     2 ||    51
Throw: Stone             |       |     1 |     9 |    20 |       |       |       ||    30
       Tomahawk          |       |       |    38 |    23 |    19 |       |       ||    80
       Large rock        |       |       |       |    19 |    77 |    94 |    28 ||   218
       Throwing net      |       |       |       |     2 |       |       |     1 ||     3
       Javelin           |       |       |       |     1 |       |     6 |     1 ||     8
Invok: Heroism           |       |     3 |     2 |     6 |    13 |    19 |     4 ||    47
       Finesse           |       |       |       |       |     3 |     2 |       ||     5
 Abil: Evoke Blink       |       |       |     3 |     2 |       |       |       ||     5
Evoke: Rod               |       |       |       |       |       |    12 |     4 ||    16
       Wand              |       |       |       |       |       |     8 |     1 ||     9
       Lamp of fire      |       |       |       |       |       |     1 |       ||     1
       Phantom mirror    |       |       |       |       |       |     1 |       ||     1
  Use: Scroll            |       |     7 |       |     9 |    19 |    12 |     4 ||    51
       Potion            |       |       |     2 |       |       |     4 |     1 ||     7
 Stab: Sleeping          |     4 |       |     3 |       |       |       |       ||     7
  Eat: Chunk             |    16 |     8 |    46 |    63 |   115 |    89 |    34 ||   371
       Royal jelly       |       |       |       |       |       |     2 |       ||     2
       Pizza             |       |       |       |       |       |     1 |       ||     1
       Meat ration       |       |       |       |       |       |     1 |       ||     1
       Fruit             |       |       |       |       |       |     1 |       ||     1
Armor: Robe              |    36 |    19 |    79 |    36 |       |       |       ||   170
       Storm dragon scal |       |       |       |   241 |   525 |       |       ||   766
       Ice dragon scales |       |       |       |       |    23 |   115 |       ||   138
       Gold dragon scale |       |       |       |       |       |   470 |   129 ||   599
Dodge: Dodged            |    44 |    34 |   104 |   137 |   233 |   205 |    25 ||   782
Block: Shield            |       |       |   113 |   310 |   550 |   493 |       ||  1466
       Large shield      |       |       |       |       |       |   327 |   229 ||   556
